 Dungeon Crawl Stone Soup version 0.27.1-4-g1640c2035a (webtiles) character file.

Game seed: 12082092402531972142

23 adizb the Skirmisher (level 3, -2/34 HPs)
             Began as a Naga Fighter on Nov 16, 2021.
             Slain by a gnoll (5 damage)
             ... on level 2 of the Dungeon.
             The game lasted 00:02:52 (362 turns).

adizb the Skirmisher (Naga Fighter)                  Turns: 362, Time: 00:02:52

Health: -2/34      AC:  4    Str: 19    XL:     3   Next: 0%
Magic:  3/3        EV:  5    Int:  8    God:
Gold:   21         SH:  8    Dex: 10    Spells: 2/2 levels left

rFire    . . .     SeeInvis +   a - +0 war axe
rCold    . . .     Faith    .   c - +0 kite shield
rNeg     . . .     Spirit   .   b - +0 scale mail
rPois    +         Reflect  .   (no helmet)
rElec    .         Harm     .   (no cloak)
rCorr    .         Rampage  .   (no gloves)
Will     .....                  (no barding)
Stlth    ..........             (no amulet)
HPRegen  0.11/turn              (no ring)
MPRegen  0.08/turn              (no ring)

@: mighty, very slow
A: AC +1, large, see invisible, deformed body, poison resistance, slowness 2,
spit poison 1, naga tail 1
a: Spit Poison


You were on level 2 of the Dungeon.
You visited 1 branch of the dungeon, and saw 2 of its levels.

You collected 21 gold pieces.

Inventory:

Hand Weapons
 a - a +0 war axe (weapon)
Armour
 b - a +0 scale mail (worn)
 c - a +0 kite shield (worn)


   Skills:
 - Level 3.0 Fighting
 * Level 3.0 Axes
 - Level 2.4 Armour
 + Level 2.7 Shields


You had 2 spell levels left.
You didn't know any spells.
Your spell library was empty.

Dungeon Overview and Level Annotations

Branches:
Dungeon (1/15)

Altars:


Innate Abilities, Weirdness & Mutations

Your serpentine skin is tough. (AC +1)
You have supernaturally acute eyesight. (SInv)
Armour fits poorly on your strangely shaped body.
Your system is resistant to poisons. (rPois)
You cover ground very slowly.
You can spit poison.
You have a snake-like lower body.


Message History

Press: ? - help, Q - select action Shift-Dir - straight line, f - gnoll
Aim: a gnoll, wielding a +0 whip The splash of poison hits the gnoll.
The gnoll is heavily wounded.
The gnoll barely misses you.
A gnoll comes into view. It is wielding a +0 spear.
The gnoll shouts!
You slash the gnoll!
You kill the gnoll!
The gnoll hits you but does no damage. You block the gnoll's attack. x2
Your Axes skill increases to level 3!
You have reached level 3!
Your experience leads to an increase in your attributes!
Increase (S)trength, (I)ntelligence, or (D)exterity?
You feel stronger.
Your skin feels tougher.
You have got your breath back.
You block the gnoll's attack.
Abil: Spit Poison
Press: ? - help, Q - select action Shift-Dir - straight line, f - gnoll
Aim: a gnoll, wielding a +0 spear The splash of poison misses the gnoll.
The gnoll hits you from afar with a +0 spear!
You block the gnoll's attack.
The gnoll hits you from afar with a +0 halberd.
The gnoll barely misses you.
You slash the gnoll!
The gnoll is heavily wounded.
The gnoll hits you from afar with a +0 spear.
You block the gnoll's attack. The gnoll barely misses you.
The gnoll hits you from afar with a +0 spear.
You block the gnoll's attack.
You have got your breath back.
The gnoll hits you from afar with a +0 spear.
* * * LOW HITPOINT WARNING * * *
The gnoll hits you from afar with a +0 spear.
* * * LOW HITPOINT WARNING * * *
You aren't carrying any scrolls.
You feel very mighty all of a sudden.
The gnoll hits you from afar with a +0 spear.
You die...

#.# #.# #.# #.#
#.# #.# #.#
##+####### #@#
#......... #.#
#.........
#g####.........
#gg.g)g$##.....
#######.# .....
#..+ g... ####
... ...


You could see 3 gnolls.

Vanquished Creatures
  A gnoll (D:2)
  3 ball pythons (D:1)
  An endoplasm (D:1)
  A giant cockroach (D:1)
  2 hobgoblins (D:1)
  A frilled lizard (D:1)
  A kobold (D:1)
  5 rats (D:1)
15 creatures vanquished.

Notes
Turn   | Place    | Note
-------+----------+-------------------------------------------
     0 | D:1      | adizb the Naga Fighter began the quest for the Orb.
     0 | D:1      | Reached XP level 1. HP: 21/21 MP: 1/1
    53 | D:1      | Reached XP level 2. HP: 14/28 MP: 2/2
   346 | D:1      | You fall into a shaft and drop 1 floor!
   353 | D:2      | Reached XP level 3. HP: 33/34 MP: 3/3
   362 | D:2      | Slain by a gnoll

Illustrated notes

Levels and vault maps discovered:
D:1:      dpeg_arrival_ratfight, layout_basic
D:2:      layout_basic

Skill      XL: |  1  2 |
---------------+-------+-----
Axes           | 3 |  3.0
Fighting       | |  3.0
Armour         | |  2.4
Shields        | |  2.7

Action                   || total
-------------------------++-------
Melee: War axe           ||    22
 Abil: Spit Poison       ||    16
  Use: Potion            ||     1
Armor: Scale mail        ||    16
Dodge: Dodged            ||     8
Block: Kite shield       ||    19
